 Dungeon Crawl Stone Soup version 0.29.0-13-gc9e81de378 (webtiles) character file.

Game seed: 5069072991441471694

20 Revguard the Slasher (level 2, 0/22 HPs)
             Began as a Demonspawn Gladiator on Sept 8, 2022.
             Killed from afar by Sigmund (9 damage)
             ... with a puff of flame
             ... on level 2 of the Dungeon.
             The game lasted 00:02:42 (1177 turns).

Revguard the Slasher (Demonspawn Gladiator)         Turns: 1177, Time: 00:02:43

Health: 0/22       AC:  6    Str: 14    XL:     2   Next: 58%
Magic:  2/2        EV: 11    Int:  9    God:
Gold:   84         SH:  0    Dex: 14    Spells: 1/1 levels left

rFire   . . .      SeeInvis .   a - +0 long sword
rCold   . . .      Faith    .   (no shield)
rNeg    . . .      Spirit   .   l - +0 ring mail
rPois   .          Reflect  .   c - +0 helmet
rElec   .          Harm     .   (no cloak)
rCorr   .          Rampage  .   (no gloves)
Will    .....                   (no boots)
Stlth   +.........              (no amulet)
HPRegen 0.07/turn               (no ring)
MPRegen 0.08/turn               (no ring)

@: no status effects
A: foul stench 1
a: no special abilities


You were on level 2 of the Dungeon.
You visited 1 branch of the dungeon, and saw 2 of its levels.

You collected 84 gold pieces.

Inventory:

Hand Weapons
 a - a +0 long sword (weapon)
Missiles
 d - 3 throwing nets (quivered)
 e - a javelin
Armour
 b - a +0 leather armour
 c - a +0 helmet (worn)
 i - a +0 leather armour of fire resistance
 l - a +0 ring mail (worn)
Scrolls
 f - a scroll of noise {unknown}
 g - a scroll of blinking {unknown}
 m - a scroll of immolation {unknown}
 n - a scroll of enchant armour {unknown}
Potions
 h - 3 potions of curing {unknown}
 j - a potion of flight {unknown}
 k - a potion of magic {unknown}
 o - a potion of ambrosia {unknown}
 p - a potion of heal wounds {unknown}


   Skills:
 + Level 2.2 Fighting
 + Level 2.8 Long Blades
 - Level 1.7 Throwing
 + Level 0.4 Armour
 + Level 2.8 Dodging
 + Level 0.2 Spellcasting
 + Level 0.3 Hexes
 + Level 1.0 Invocations
 + Level 0.4 Evocations


You had one spell level left.
You didn't know any spells.
Your spell library contained the following spells:

 Spells                   Type           Power      Damage    Failure   Level
 Cause Fear               Hex            0%         N/A       100%        4
 Metabolic Englaciation   Hex/Ice        0%         N/A       100%        5
 Spellforged Servitor     Conj/Summ      0%         N/A       100%        7


Dungeon Overview and Level Annotations

Branches:
Dungeon (2/15)

Altars:

Annotations:
D:2 1 runed translucent door, Crazy Yiuf, Sigmund


Innate Abilities, Weirdness & Mutations

You may rarely emit foul miasma when damaged in melee.


Message History

The ball python misses you. The ball python constricts you.
You barely miss the ball python.
The ball python is severely wounded.
The ball python bites you. The ball python constricts you.
You barely miss the ball python.
The ball python is severely wounded.
The ball python bites you but does no damage.
The ball python constricts you.
The ball python bites you but does no damage.
The ball python constricts you.
You hit the ball python.
You kill the ball python!
You see here a ball python corpse.
n - a scroll labelled UPHOTZ WAGEUG
o - a puce potion You see here a +0 ring mail.
You now have 84 gold pieces (gained 14).
Found a dagger.
p - a viscous grey potion A hobgoblin comes into view.
The hobgoblin shouts!
A hobgoblin is nearby!
Found a book of Conjurations.
Sigmund the Dreaded comes into view.
He is wielding a +0 scythe.
Sigmund shouts!
The hobgoblin hits you.
You barely miss the hobgoblin.
Sigmund mumbles some strange words.
Sigmund flickers and vanishes!
Deactivating autopickup; reactivate with Ctrl-A.
The hobgoblin hits you. The hobgoblin closely misses you.
You slash the hobgoblin!
You kill the hobgoblin!
Something hits you!
Your Invocations skill increases to level 1!
Something hits you but does no damage.
You see here a hobgoblin corpse.
A puff of flame appears from out of thin air!
The puff of flame hits you!
You die...

..#.. .# .... ..
#..:... .... ..
...#. ..... #. ...
.... #. #.## ...
#.####..##.###.#
#..##...........
###..{...†.)...#
#.@..#.........#
###.##.#.........#
#...##.#####......#
##.####.##. .####..
#..##....#.##.# . .
##########.##
...........#
#..........#
...#..###.####
#.........##
#.##.##......
#.........#
#..........#


There were no monsters in sight!

Vanquished Creatures
  6 ball pythons
  2 endoplasms (D:1)
  2 hobgoblins (D:2)
  2 quokkas (D:1)
  3 bats
  A kobold (D:2)
  2 rats (D:1)
18 creatures vanquished.

Notes
Turn   | Place    | Note
-------+----------+-------------------------------------------
     0 | D:1      | Revguard the Demonspawn Gladiator began the quest for the
                  | Orb.
     0 | D:1      | Reached XP level 1. HP: 16/16 MP: 1/1
   227 | D:1      | Got the Codex of Collective Fascination
   500 | D:1      | Gained mutation: You may rarely emit foul miasma when
                  | damaged in melee. [demonic ancestry]
   500 | D:1      | Reached XP level 2. HP: 18/22 MP: 2/2
   946 | D:2      | Found a runed translucent door.
   947 | D:2      | Noticed Crazy Yiuf
  1165 | D:2      | Noticed Sigmund
  1170 | D:2      | Reached skill level 1 in Invocations
  1177 | D:2      | Killed from afar by Sigmund

Illustrated notes

Levels and vault maps discovered:
D:1:      matt_arrival_diagonals, layout_basic, roderic_serpentine_path
D:2:      layout_rooms, uniq_sigmund, uniq_crazy_yiuf_cottage

Skill      XL: |  1  2 |
---------------+-------+-----
Invocations    | 1 |  1.0
Fighting       | |  2.2
Long Blades    | |  2.8
Throwing       | |  1.7
Armour         | |  0.4
Dodging        | |  2.8
Spellcasting   | |  0.2
Hexes          | |  0.3
Evocations     | |  0.4

Action                   || total
-------------------------++-------
Melee: Long sword        ||    41
Armor: Leather armour    ||     3
       Ring mail         ||    16
Dodge: Dodged            ||    36
